 Dungeon Crawl Stone Soup version 0.30.1 (webtiles) character file.

Game seed: 13854426377162825268

40 GeoRichter the Grasshopper (level 3, -2/28 HPs)
             Began as a Demonspawn Warper on July 8, 2023.
             Was a Follower of Ashenzari.
             Slain by an iguana (4 damage)
             ... on level 2 of the Dungeon.
             The game lasted 00:02:38 (1475 turns).

GeoRichter the Grasshopper (Demonspawn Warper)      Turns: 1475, Time: 00:02:39

Health: -2/28      AC: 12    Str: 11    XL:     3   Next: 30%
Magic:  7/7        EV: 11    Int: 16    God:    Ashenzari [*.....]
Gold:   172        SH:  0    Dex: 12    Spells: 6/8 levels left

rFire   . . .        a - +0 hand axe
rCold   . . .        (no shield)
rNeg    . . .        b - +0 leather armour "Cryptic Gnosis" {Self, Alch} (curse)
rPois   .            (no helmet)
rElec   .            j - scarf "Share My Dismay" {shadows, Comp, Range} (curse)
rCorr   .            (no gloves)
SInv    .            (no boots)
Will    .....        (no amulet)
Stlth   +            (no ring)
HPRegen 0.24/turn    (no ring)
MPRegen 0.10/turn

%: no passive effects
@: sanguine armoured
A: sanguine armour 2
a: Renounce Religion, Shatter the Chains


You were on level 2 of the Dungeon.
You worshipped Ashenzari.
Ashenzari was aware of your devotion.
You visited 1 branch of the dungeon, and saw 2 of its levels.

You collected 172 gold pieces.

Inventory:

Hand Weapons
 a - a +0 hand axe (weapon)
Missiles
 d - 7 boomerangs of dispersal (quivered) {!f}
Armour
 b - the cursed +0 leather armour "Cryptic Gnosis" (worn) {Self, Alch}

   It has a curse which improves the following skills: Introspection: Fighting
   and Spellcasting.
   Alchemy:   Poison Magic and Transmutations.
 j - the cursed scarf "Share My Dismay" (worn) {shadows, Comp, Range}
   (You found it on level 1 of the Dungeon)

   It has a curse which improves the following skills: Companions: Summonings
   and Necromancy.
   Ranged Combat: Ranged Weapons and Throwing.
Scrolls
 c - a scroll of blinking
 g - a scroll of magic mapping
 i - a scroll of fear
Potions
 e - a potion of might
 f - a potion of curing {@q1}
 h - 2 potions of heal wounds {@q2}
 k - a potion of brilliance


   Skills:
 - Level 2.0(2.6) Fighting
 - Level 1.7 Axes
 - Level 0.8(1.2) Throwing
 - Level 0.8 Armour
 - Level 1.7 Dodging
 + Level 2.5(3.2) Spellcasting
 * Level 3.6 Translocations


You had 6 spell levels left.
You knew the following spells:

 Your Spells              Type           Power      Damage    Failure   Level
a - Blink                 Tloc           28%        N/A       9%          2

Your spell library contained the following spells:

 Spells                   Type           Power      Damage    Failure   Level
 Lesser Beckoning         Tloc           28%        N/A       9%          2
 Teleport Other           Tloc           14%        N/A       16%         3
 Vhi's Electric Charge    Tloc/Air       16%        N/A       34%         3
 Manifold Assault         Tloc           14%        N/A       47%         4


Dungeon Overview and Level Annotations

Branches:
Dungeon (2/15) Zot: 10500

Altars:
Ashenzari

Shops:
D:1 :


Innate Abilities, Weirdness & Mutations

When seriously injured, your blood forms thick armour. (AC +9)


Message History

You start resting.
An iguana is nearby!
Your blood armour dries and flakes away.
You barely miss the iguana. The iguana bites you!
Your blood congeals into armour.
You hit the iguana but do no damage.
The iguana bites you but does no damage.
You hit the iguana but do no damage. The iguana closely misses you.
You hit the iguana but do no damage.
The iguana bites you but does no damage.
You hit the iguana.
The iguana is moderately wounded.
The iguana barely misses you. The iguana bites you.
* * * LOW HITPOINT WARNING * * *
You barely miss the iguana.
The iguana is moderately wounded.
The iguana completely misses you.
You hit the iguana but do no damage.
The iguana is moderately wounded.
The iguana bites you but does no damage.
Unknown command.
You hit the iguana but do no damage.
The iguana is moderately wounded.
The iguana barely misses you.
Unknown command.
You completely miss the iguana.
The iguana is moderately wounded.
The iguana bites you but does no damage.
The iguana barely misses you.
Unknown command.
You closely miss the iguana.
The iguana is moderately wounded.
The iguana bites you but does no damage.
Unknown command.
You hit the iguana.
The iguana is moderately wounded.
The iguana bites you.
* * * LOW HITPOINT WARNING * * *
You barely miss the iguana.
The iguana is moderately wounded.
The iguana bites you but does no damage.
Unknown command.
You barely miss the iguana.
The iguana is moderately wounded.
The iguana bites you!
* * * LOW HITPOINT WARNING * * *
You hit the iguana.
The iguana is heavily wounded.
The iguana bites you.
You die...

#.# #.#####
#.l.l.#
#.###.# #
#####.#
#l####
######....l#
#....#
##.........#
####.#
##.........#
####l#
##.........#
#<.@.#
##...†.....#
######
##.........#
##.........#
##.........#
#.........#
##........##
##........#
##........#


You could see an iguana.

Vanquished Creatures
  An adder (D:2)
  2 dart slugs (D:1)
  2 endoplasms
  2 giant cockroaches
  A goblin (D:1)
  6 hobgoblins
  2 kobolds (D:1)
  3 ball pythons (D:1)
  A bat (D:1)
  A frilled lizard (D:1)
  4 rats
25 creatures vanquished.

Notes
Turn   | Place    | Note
-------+----------+-------------------------------------------
     0 | D:1      | GeoRichter the Demonspawn Warper began the quest for the
                  | Orb.
     0 | D:1      | Reached XP level 1. HP: 16/16 MP: 3/3
   205 | D:1      | Found a faded altar of an unknown god.
   246 | D:1      | Reached skill level 3 in Translocations
   263 | D:1      | Prayed at the altar of an unknown god.
   263 | D:1      | Became a worshipper of Ashenzari the Shackled
   383 | D:1      | Gained mutation: When seriously injured, your blood forms
                  | armour. (AC +9) [demonic ancestry]
   383 | D:1      | Reached XP level 2. HP: 19/22 MP: 3/5
   550 | D:1      | Found Weulel's Book Shop.
   667 | D:1      | Reached * piety under Ashenzari
  1202 | D:2      | Gained mutation: When seriously injured, your blood forms
                  | thick armour. (AC +9) [demonic ancestry]
  1202 | D:2      | Reached XP level 3. HP: 13/28 MP: 7/7
  1343 | D:2      | Learned a level 2 spell: Blink
  1475 | D:2      | Slain by an iguana

Illustrated notes

Levels and vault maps discovered:
D:1:      nzn_arrival_depleted_hourglass, layout_basic, serial_shops,
          nicolae_shop_advertising_works [nicolae_subvault_shop_adworks],
          ebering_ecumenical_altar_sacrificial, chequers_serial_rivers_room_b,
          serial_bayou_pond_a
D:2:      layout_basic, basic_altar

Skill      XL: |  1 |
---------------+----+-----
Translocations | 3 |  3.6
Fighting       | |  2.0
Axes           | |  1.7
Throwing       | |  0.8
Armour         | |  0.8
Dodging        | |  1.7
Spellcasting   | |  2.5

Action                     || total
---------------------------++-------
  Melee: Hand axe          ||   113
         Punch             ||     3
   Cast: Blink             ||     1
 Invoke: Curse Item        ||     2
   Stab: Sleeping          ||     1
 Armour: Leather armour    ||    36
  Dodge: Dodged            ||    51
